 Dungeon Crawl Stone Soup version 0.17-a0-1942-g46ae386 (webtiles) character file.

529 AvaKnavely the Cutter (level 7, -7/41 HPs)
             Began as a Kobold Abyssal Knight on Sept 30, 2015.
             Was a Priest of Lugonu.
             Mangled by an orc warrior
             ... wielding a +0 flail
              (21 damage)
             ... on level 6 of the Dungeon.
             The game lasted 00:17:35 (6209 turns).

AvaKnavely the Cutter (Kobold Abyssal Knight)       Turns: 6209, Time: 00:17:35

Health: -7/41      AC:  5    Str: 10    XL:     7   Next: 48%
Magic:  0/8        EV: 15    Int: 10    God:    Lugonu [***...]
Gold:   247        SH:  0    Dex: 18    Spells: 0 memorised, 6 levels left

rFire  . . .     SeeInvis .     a - +2 short sword
rCold  . . .     Clarity  .     u - +1 leather armour
rNeg   . . .     SustAt   .     (shield restricted)
rPois  .         Gourm    .     (no helmet)
rElec  .         Spirit   +     (no cloak)
rCorr  .         Warding  .     o - +0 pair of gloves
rMut   .         Stasis   .     (no boots)
MR     +....                    m - amulet of guardian spirit
Stlth  ++++......               (no ring)
                                e - ring of protection from magic

@: somewhat resistant to hostile enchantments, stealthy
A: carnivore 3
a: Depart the Abyss, Bend Space, Banish, Renounce Religion


You were on level 6 of the Dungeon.
You worshipped Lugonu.
Lugonu was most pleased with you.
You were very full.

You visited 1 branch of the dungeon, and saw 6 of its levels.
You visited the Abyss 1 time.

You collected 247 gold pieces.

Inventory:

Hand weapons
 a - a +2 short sword (weapon)
 b - a +0 dagger of electrocution
 p - a +0 flail
Armour
 o - a +0 pair of gloves (worn)
 u - a +1 leather armour (worn)
Jewellery
 e - a ring of protection from magic (left hand)
 m - an amulet of guardian spirit (around neck)
 r - a cursed amulet of inaccuracy {unknown}
 x - a +4 ring of evasion {unknown}
 y - an uncursed ring of wizardry {unknown}
Scrolls
 d - 2 scrolls of enchant armour
 h - a scroll of noise
 k - a scroll of recharging
 l - a scroll of fear
 q - 2 scrolls of enchant weapon
 s - a scroll of magic mapping {unknown}
 v - a scroll of immolation {unknown}
Potions
 g - 3 potions of lignification
 i - a potion of agility {unknown}
 w - 2 potions of ambrosia
 A - a potion of berserk rage {unknown}
 B - a potion of heal wounds {unknown}
Comestibles
 c - 4 meat rations
 f - 2 royal jellies
 n - a slice of pizza


   Skills:
 - Level 3.5 Fighting
 + Level 7.8 Short Blades
 - Level 1.0 Armour
 - Level 3.0 Dodging
 - Level 6.0 Stealth
 - Level 2.0 Invocations


You had 6 spell levels left.
You didn't know any spells.

Dungeon Overview and Level Annotations

Branches:
Dungeon (6/15)
 Temple: D:4-7

Altars:
Elyvilon
Nemelex Xobeh
Trog
Zin
The Shining One

Annotations:
D:2 Natasha
D:4 Crazy Yiuf, Eustachio


Innate Abilities, Weirdness & Mutations

You are small and have problems with some larger weapons.
You are carnivorous and can eat meat at any time.


Message History

The orc warrior is heavily wounded.
The orc warrior misses you.
You hit the orc warrior but do no damage.
The orc warrior is heavily wounded.
You barely miss the orc warrior.
The orc warrior is heavily wounded.
The orc warrior hits you with a flail!
There is a stone staircase leading up here.
The orc hits you but does no damage.
You barely miss the orc. The orc closely misses you.
You puncture the orc!
You kill the orc!
Lugonu accepts your kill.
You closely miss the orc warrior.
The orc warrior is heavily wounded.
The orc warrior hits you with a flail!
* * * LOW HITPOINT WARNING * * *
You feel better. The orc warrior hits you with a flail!!
Ouch! That really hurt!
You die...

#... #..###
..... #..#
#.######..#
#.)......####
#.##.J..J....#
#.###o###.#
#.# #@# #.#
#.# #.# #.#
#.###.#
#.##..# #.##
#.# #.# #.#


You could see an orc warrior and an ooze.

Vanquished Creatures
  A sky beast (D:6)
  A slave (D:4)
  An ogre (D:5)
  A jelly (D:5)
  An orc priest (D:4)
  Ijyb (D:2)
  An iguana (D:5)
  2 orc wizards
  A hound skeleton (D:4)
  A worker ant zombie (D:5)
  3 adders
  3 gnolls (D:3)
  An ooze (D:4)
  2 adder skeletons
  A worm (D:3)
  A giant gecko (D:4)
  7 orcs
  5 bats
  6 giant cockroaches
  6 hobgoblins
  13 jackals
  11 kobolds
  3 ball pythons
  6 giant newts
  10 goblins
  4 rats
93 creatures vanquished.

Notes
Turn   | Place    | Note
--------------------------------------------------------------
     0 | Abyss:1  | AvaKnavely the Kobold Abyssal Knight began the quest for the Orb.
     0 | Abyss:1  | Reached XP level 1. HP: 14/14 MP: 2/2
     6 | Abyss:1  | Found a corrupted altar of Lugonu.
    24 | D:1      | Escaped the Abyss
   379 | D:1      | Reached skill level 1 in Armour
   512 | D:1      | Reached XP level 2. HP: 4/19 MP: 3/3
  1083 | D:1      | Reached XP level 3. HP: 20/23 MP: 4/4
  1119 | D:1      | Reached skill level 4 in Short Blades
  1289 | D:1      | Acquired Lugonu's second power
  1977 | D:2      | Noticed Natasha
  2206 | D:3      | Reached XP level 4. HP: 28/28 MP: 5/5
  2223 | D:3      | Reached skill level 5 in Short Blades
  2311 | D:3      | Noticed an ogre
  2371 | D:3      | Reached skill level 1 in Stealth
  2575 | D:2      | Found a bloodstained altar of Trog.
  2579 | D:2      | Noticed Ijyb
  2621 | D:2      | Killed Ijyb
  2921 | D:3      | Reached XP level 5. HP: 32/32 MP: 6/6
  2931 | D:3      | HP: 1/32 [gnoll/halberd (11)]
  3197 | D:3      | Reached skill level 6 in Short Blades
  3217 | D:3      | HP: 1/32 [spatial distortion (4)]
  4116 | D:4      | Noticed a slave
  4119 | D:4      | Noticed a slave
  4167 | D:4      | Killed a slave
  4299 | D:4      | Noticed Crazy Yiuf
  4361 | D:5      | Entered Level 5 of the Dungeon
  4558 | D:5      | Reached skill level 7 in Short Blades
  4558 | D:5      | Reached XP level 6. HP: 37/37 MP: 7/7
  4829 | D:5      | Noticed an ogre
  4890 | D:5      | Found a sparkling altar of Nemelex Xobeh.
  4935 | D:5      | Found a white marble altar of Elyvilon.
  4935 | D:5      | Found a glowing silver altar of Zin.
  4936 | D:5      | Found a glowing golden altar of the Shining One.
  5073 | D:5      | Noticed an ice beast
  5250 | D:4      | Acquired Lugonu's third power
  5576 | D:4      | Noticed Eustachio
  5750 | D:4      | Noticed a slave
  5852 | D:5      | Reached skill level 5 in Stealth
  5974 | D:5      | Killed an ogre
  5974 | D:5      | Reached XP level 7. HP: 41/41 MP: 8/8
  6209 | D:6      | Mangled by an orc warrior

Vault maps used:
D:1:      ncdulo_smallfort
D:2:      lemuel_crystal_altar, kennysheep_generic_room_14, uniq_natasha,
          uniq_iyjb
D:4:      kennysheep_goblin_castle, uniq_pikel, uniq_eustachio,
          uniq_crazy_yiuf_cottage
D:5:      good_gods_temple_1, tgw_fedhas, nemelex_xobeh_ov_fountains_minmay,
          first_bread
D:6:      okawaru_trees_2, uniq_menkaure, uniq_edmund

Action                   |  1- 3 |  4- 6 |  7- 9 || total
-------------------------+-------+-------+-------++-------
Melee: Short sword       |   168 |   165 |    26 ||   359
       Dagger            |       |    90 |    16 ||   106
Invok: Bend Space        |       |     1 |       ||     1
  Use: Scroll            |       |     7 |       ||     7
       Potion            |       |     2 |     2 ||     4
 Stab: Sleeping          |       |     6 |       ||     6
       Distracted        |       |     1 |       ||     1
  Eat: Chunk             |     7 |    17 |       ||    24
